 Dungeon Crawl Stone Soup version 0.17-a0-2215-g49c1de0 (webtiles) character file.

7378 hexophile the Martial Artist (level 10, -1/100 HPs)
             Began as a Troll Monk on Oct 27, 2015.
             Was the Champion of Jiyva.
             Killed by divine providence
             ... invoked by an orc priest
              (13 damage)
             ... on level 4 of the Orcish Mines.
             The game lasted 00:20:21 (9207 turns).

hexophile the Martial Artist (Troll Monk)           Turns: 9207, Time: 00:20:21

Health: -1/100     AC:  7    Str: 14    XL:     10   Next: 92%
Magic:  9/9        EV:  8    Int:  8    God:    Jiyva [******]
Gold:   148        SH: 15    Dex: 20    Spells: 0 memorised, 9 levels left

rFire  . . .     SeeInvis .       - Unarmed
rCold  . . .     Clarity  .     q - +0 robe "Durhiuf" {rN+}
rNeg   + + .     SustAt   .     r - +2 large shield
rPois  +         Gourm    +     (helmet restricted)
rElec  .         Spirit   .     i - +0 cloak
rCorr  +         Warding  .     (gloves unavailable)
rMut   .         Stasis   .     (boots unavailable)
MR     .....                    (no amulet)
Stlth  ++........               (no ring)
                                n - ring of positive energy {rN+}

@: not resistant to hostile enchantments, unstealthy
A: unfitting armour, claws 3, large bone plates 1, blink, breathe flames 1, fast
metabolism 3, gourmand, poison resistance, regeneration 2, shaggy fur 1, tough
skin 2, eyeballs 1, pseudopods 1, evolution 1
a: Blink, Request Jelly, Jelly Paralyse, Slimify, Cure Bad Mutation, Renounce
Religion, Breathe Fire


You were on level 4 of the Orcish Mines.
You worshipped Jiyva.
Jiyva was exalted by your worship.
You were very full.

You visited 2 branches of the dungeon, and saw 15 of its levels.

You collected 454 gold pieces.
You spent 306 gold pieces at shops.


Innate Abilities, Weirdness & Mutations

You are too large for most types of armour.
You have claws for hands.
Your metabolism is lightning-fast.
You like to eat raw meat.
You heal very quickly.
You are covered in fur (AC +1).
You have very tough skin (AC +2).
You are partially covered in large bone plates (AC +2, SH +2).
You can translocate small distances at will.
You can breathe flames.
Your system is resistant to poisons.
Your body is partially covered in golden eyeballs (Acc +3).
Armour fits poorly on your pseudopods.
You evolve.

Inventory:

Missiles
 e - 34 poisoned needles
Armour
 i - a +0 cloak (worn)
 q - the +0 robe "Durhiuf" (worn) {rN+}
   (You bought it in a shop on level 2 of the Orcish Mines)

   It protects you from negative energy.
 r - a +2 large shield (worn)
Jewellery
 n - a ring of positive energy (left claw) {rN+}
Wands
 j - a wand of flame (19)
 k - a wand of enslavement (12)
 m - a wand of fire (6)
Scrolls
 c - a scroll of immolation
 d - 10 scrolls of identify
 g - 2 scrolls of enchant armour
 l - a scroll of magic mapping
 p - a scroll of remove curse
Comestibles
 b - 4 bread rations
 f - a meat ration
 h - 3 beef jerkies


You had 9 spell levels left.
You didn't know any spells.


   Skills:
 * Level 6.9 Fighting
 * Level 4.2 Dodging
 - Level 1.1 Stealth
 * Level 14.3 Unarmed Combat

Dungeon Overview and Level Annotations

Branches:
Dungeon (11/15)            Temple (0/1) D:7             Orc (4/4) D:10
   Lair: D:8-11         Elf: Orc:3-4

Altars:
Cheibriados
Dithmenos
Gozag
Makhleb
Nemelex Xobeh
Okawaru
Ru
Trog
The Shining One
Jiyva

Shops:
D:11 *   Orc:2 [

Annotations:
D:4 exclusion: downstairs
D:5 hexophile's ghost, amateur TrMo

Vault maps used:
D:1:      saegor_arrival_simple_f, hangedman_decor_clover_reticule,
          hangedman_decor_push, minmay_misc_feat_roman, tso_metal_star
D:2:      wad_river_or_something, ecumenical_altar_1, nrook_loot_triangle,
          solitary_fountain
D:3:      nicolae_overflow_crystal_walls, old_standard_altar, first_bread,
          kennysheep_crisscross, uniq_grinder
D:5:      uniq_duvessa
D:6:      uniq_menkaure, uniq_pikel
D:7:      minmay_flawed_box, minmay_temple_entry_glass, lemuel_statue_altar,
          uniq_crazy_yiuf_cottage
D:8:      grunt_temple_overflow_cloverleaf
D:9:      bloody_trog
D:10:     orc_0_dummy, basic_altar
D:11:     erik_lair_orcish_takeover, hangedman_pestilent_swarm,
          guppyfry_shop_earth
Orc:1:    uniq_maurice
Orc:2:    serial_shops, shop, uniq_urug
Orc:3:    nicolae_orc_pool_cavern, uniq_josephine
Orc:4:    grunt_orc_tribal_feast, lightli_volcano_entry_magma_tube,
          serial_shops, nicolae_shop_waterfront
You       could see an orc knight, a warg, 3 orc priests, 4 orcs and a neutral
          ooze (fellow slime).


Message History

MP restored: 9 The orc knight shouts!
You claw something! The warg bites you!
The ooze hits the orc.
You hear some strange, mumbled words.
A puff of flame appears from out of thin air!
The puff of flame hits you!
* * * LOW HITPOINT WARNING * * *
The orc knight roars a battlecry!
The orcs go into a battle-frenzy!
The orc hits you from afar with a trident.
* * * LOW HITPOINT WARNING * * *
The orc hits you with a mace.
* * * LOW HITPOINT WARNING * * *
The warg bites you!
* * * LOW HITPOINT WARNING * * *
You take 38 damage, and have 19/100 hp.
MASSIVE DAMAGE!!
Unknown command.
You mangle the orc!!
You kill the orc!
A puff of flame appears from out of thin air!
The puff of flame hits you!
* * * LOW HITPOINT WARNING * * *
The ooze hits the orc but does no damage.
The orc hits you but does no damage. The warg barely misses you.
Something hits you but does no damage.
The orc hits you from afar with a trident!
* * * LOW HITPOINT WARNING * * *
You take 12 damage, and have 7/100 hp.
Unknown command.
You're too confused to move!
You feel less confused.
A puff of flame appears from out of thin air!
The puff of flame hits something.
Reactivating autopickup.
You feel a bit more experienced. The orc closely misses you.
The orc priest hits the ooze with a hand axe.
You block the orc's attack. The warg closely misses you.
You scratch the orc but do no damage. You block the orc's attack.
You block the orc's attack. You block the warg's attack.
You hear a slurping noise.
Jiyva appreciates your sacrifice.
You feel a little less hungry.
You feel better. Jiyva appreciates your sacrifice.
You feel a little less hungry.
You feel better. Jiyva appreciates your sacrifice.
You feel a little less hungry.
You feel better.
The ooze hits the orc priest.
The orc priest hits the ooze with a hand axe.
The orc priest mumbles some strange prayers to Beogh against you.
Something smites you!
You die...

Action                   |  1- 3 |  4- 6 |  7- 9 | 10-12 || total
-------------------------+-------+-------+-------+-------++-------
Melee: Unarmed           |    92 |    76 |   271 |   181 ||   620
Invok: Request Jelly     |     3 |     4 |    24 |     5 ||    36
       Slimify           |       |     1 |     9 |     4 ||    14
  Use: Scroll            |     3 |       |     4 |     1 ||     8
       Potion            |     1 |     5 |     3 |     1 ||    10
 Stab: Sleeping          |     3 |     1 |     2 |     3 ||     9
       Distracted        |       |       |     1 |       ||     1
       Confused          |       |       |     1 |     3 ||     4
  Eat: Chunk             |    16 |    10 |    25 |       ||    51

Notes
Turn   | Place    | Note
--------------------------------------------------------------
     0 | D:1      | hexophile the Troll Monk began the quest for the Orb.
     0 | D:1      | Reached XP level 1. HP: 22/22 MP: 0/0
   157 | D:1      | Found a glowing golden altar of the Shining One.
   235 | D:1      | Reached XP level 2. HP: 29/29 MP: 1/1
   821 | D:2      | Found a faded altar to an unknown god.
   863 | D:2      | Became a worshipper of Jiyva Junoili the Shapeless
   863 | D:2      | Reached * piety under Jiyva
   863 | D:2      | Reached ** piety under Jiyva
   924 | D:2      | Reached skill level 5 in Unarmed Combat
   924 | D:2      | Reached XP level 3. HP: 36/36 MP: 2/2
  1092 | D:2      | Reached *** piety under Jiyva
  1796 | D:3      | Found a sparkling altar of Nemelex Xobeh.
  1862 | D:3      | Gained mutation: Your magical capacity is low (-10% MP). [Jiyva's grace]
  1913 | D:3      | Noticed Grinder
  1948 | D:3      | Reached XP level 4. HP: 24/44 MP: 2/2
  2054 | D:3      | Reached skill level 6 in Unarmed Combat
  2186 | D:3      | Found a sacrificial altar of Ru.
  2389 | D:4      | Lost mutation: Your magical capacity is low (-10% MP). [Jiyva's grace]
  2390 | D:4      | Reached **** piety under Jiyva
  2419 | D:4      | Killed an ogre
  2728 | D:4      | Reached XP level 5. HP: 40/50 MP: 1/4
  2735 | D:4      | Gained mutation: You are partially covered in large bone plates (AC +2, SH +2). [Jiyva's grace]
  3087 | D:5      | Entered Level 5 of the Dungeon
  3089 | D:5      | Noticed hexophile's ghost (amateur TrMo)
  3095 | D:5      | Noticed an ogre
  3149 | D:5      | Noticed Duvessa
  3149 | D:5      | Noticed Dowan
  3166 | D:5      | Killed Duvessa
  3166 | D:5      | Reached skill level 7 in Unarmed Combat
  3166 | D:5      | Reached XP level 6. HP: 37/59 MP: 5/5
  3167 | D:5      | Killed Dowan
  3264 | D:4      | Reached skill level 8 in Unarmed Combat
  3286 | D:4      | HP: 1/59 [ogre/giant club (15)]
  3361 | D:3      | Killed Grinder
  3361 | D:3      | Reached XP level 7. HP: 25/66 MP: 2/6
  3533 | D:4      | Slimified an ogre
  3533 | D:4      | Noticed a slime creature
  3533 | D:4      | an ogre changed into a slime creature
  3866 | D:6      | Noticed Menkaure
  3879 | D:6      | Killed Menkaure
  3879 | D:6      | Reached skill level 9 in Unarmed Combat
  4052 | D:7      | Gained mutation: You can breathe flames. [Jiyva's grace]
  4112 | D:7      | Found a staircase to the Ecumenical Temple.
  4143 | D:7      | Gained mutation: You possess an exceptional clarity of mind. [mutagenic meat]
  4168 | D:7      | Noticed a slime creature
  4168 | D:7      | a black bear changed into a slime creature
  4178 | D:7      | Reached skill level 10 in Unarmed Combat
  4254 | D:7      | Reached XP level 8. HP: 71/74 MP: 7/7
  4283 | D:7      | Found a burning altar of Makhleb.
  4356 | D:7      | Gained mutation: You evolve. [Jiyva's grace]
  4505 | D:7      | Noticed Crazy Yiuf
  4509 | D:7      | Slimified Crazy Yiuf
  4509 | D:7      | Noticed Crazy Yiuf
  4509 | D:7      | Crazy Yiuf changed into Crazy Yiuf the ooze
  4515 | D:7      | Gained mutation: You are clumsy. (Dex -2) [Jiyva's grace]
  5186 | D:8      | Reached skill level 11 in Unarmed Combat
  5289 | D:8      | Noticed a slime creature
  5289 | D:8      | an orc warrior changed into a slime creature
  5297 | D:8      | Gained mutation: Your body is partially covered in golden eyeballs (Acc +3). [Jiyva's grace]
  5513 | D:8      | Found an opulent altar of Gozag.
  5516 | D:8      | Found a burning altar of Makhleb.
  5527 | D:8      | Found a snail-covered altar of Cheibriados.
  5531 | D:8      | Found a shadowy altar of Dithmenos.
  6115 | D:9      | Noticed Duffy's ghost (novice FoEn)
  6188 | D:9      | Reached skill level 12 in Unarmed Combat
  6243 | D:9      | Killed Duffy's ghost
  6333 | D:9      | Found a bloodstained altar of Trog.
  6376 | D:9      | Reached XP level 9. HP: 70/80 MP: 8/8
  6387 | D:9      | Lost mutation: You can breathe flames. [Jiyva's grace]
  6462 | D:9      | Gained mutation: You have an increased reservoir of magic (+10% MP). [evolution]
  6468 | D:9      | Noticed a two-headed ogre
  6476 | D:9      | Killed a two-headed ogre
  6532 | D:9      | Reached skill level 3 in Fighting
  6902 | D:10     | Entered Level 10 of the Dungeon
  6922 | D:10     | Lost mutation: You are clumsy. (Dex -2) [Jiyva's grace]
  6937 | D:10     | Found a staircase to the Orcish Mines.
  6994 | D:10     | Noticed a komodo dragon
  7027 | D:10     | Slimified a komodo dragon
  7027 | D:10     | a komodo dragon changed into a slime creature
  7107 | D:10     | Noticed 4thArraOfDagon's ghost (novice DDBe)
  7137 | D:10     | Killed 4thArraOfDagon's ghost
  7137 | D:10     | Reached skill level 4 in Fighting
  7137 | D:10     | Reached skill level 13 in Unarmed Combat
  7154 | D:10     | Gained mutation: Armour fits poorly on your strangely shaped body. [Jiyva's grace]
  7277 | D:10     | Found an iron altar of Okawaru.
  7449 | D:10     | Killed a hill giant
  7659 | D:11     | Found Hoomnol's Pet Rocks.
  7676 | D:11     | Reached skill level 5 in Fighting
  7769 | D:11     | Reached XP level 10. HP: 93/96 MP: 10/10
  7779 | D:11     | Lost mutation: Armour fits poorly on your strangely shaped body. [Jiyva's grace]
  7818 | D:11     | Noticed a cyclops
  7842 | D:11     | Reached ***** piety under Jiyva
  7901 | Orc:1    | Entered Level 1 of the Orcish Mines
  7925 | Orc:1    | Noticed Maurice
  7931 | Orc:1    | Slimified Maurice
  7931 | Orc:1    | Noticed Maurice
  7931 | Orc:1    | Maurice changed into Maurice the slime creature
  7935 | Orc:1    | Gained mutation: You can translocate small distances at will. [Jiyva's grace]
  8127 | Orc:2    | Gained mutation: Your system is resistant to poisons. [Jiyva's grace]
  8154 | Orc:2    | Found Hatim's Antique Armour Boutique.
  8177 | Orc:2    | Bought a brightly glowing robe for 171 gold pieces
  8177 | Orc:2    | Bought a shiny large shield for 135 gold pieces
  8187 | Orc:2    | Identified the +0 robe "Durhiuf" {rN+} (You bought it in a shop on level 2 of the Orcish Mines)
  8243 | Orc:2    | Noticed Urug
  8272 | Orc:2    | Killed Urug
  8278 | Orc:2    | Gained mutation: Armour fits poorly on your pseudopods. [Jiyva's grace]
  8532 | Orc:3    | Gained mutation: Your flesh is heat resistant. [Jiyva's grace]
  8553 | Orc:3    | Reached skill level 6 in Fighting
  8558 | Orc:3    | Reached ****** piety under Jiyva
  8687 | Orc:3    | Gained mutation: You can breathe flames. [Jiyva's grace]
  8725 | Orc:3    | Lost mutation: You possess an exceptional clarity of mind. [Jiyva's grace]
  8755 | Orc:3    | Lost mutation: Your flesh is heat resistant. [Jiyva's grace]
  8832 | Orc:3    | Noticed a stone giant
  8845 | Orc:3    | Noticed Josephine
  8846 | Orc:3    | Killed a stone giant
  8846 | Orc:3    | Reached skill level 3 in Dodging
  8846 | Orc:3    | Reached skill level 14 in Unarmed Combat
  8852 | Orc:3    | Killed Josephine
  8859 | Orc:3    | Reached skill level 4 in Dodging
  8880 | Orc:3    | Lost mutation: You have an increased reservoir of magic (+10% MP). [Jiyva's grace]
  9180 | Orc:4    | Entered Level 4 of the Orcish Mines
  9204 | Orc:4    | Noticed an orc knight
  9207 | Orc:4    | Killed from afar by an orc priest

Table legend:
 A = Turns spent in this place as a percentage of turns spent in the entire game.
 B = Non-inter-level travel turns spent in this place as a percentage of non-inter-level travel turns spent in the entire game.
 C = Inter-level travel turns spent in this place as a percentage of turns spent in this place.
 D = Turns resting spent in this place as a percentage of non-inter-level travel turns spent in this place.
 E = Turns spent auto-exploring this place as a percentage of non-inter-level travel turns spent in this place.
 F = Non-inter-level travel turns spent in this place divided by the number of levels of this place that you've seen.
                   A       B       C       D       E      F
               +-------+-------+-------+-------+-------+----------------------
         Total | 100.0 | 100.0 |   0.5 |   1.1 |   9.3 | 245.1
       Dungeon |  82.9 |  82.9 |   0.5 |   1.1 |   8.0 | 277.0
  Orcish Mines |  17.1 |  17.1 |   0.5 |   1.0 |  15.4 | 157.5
               +-------+-------+-------+-------+-------+----------------------

Table legend:
 A = Kills in this place as a percentage of kills in entire the game.
 B = Kills by you in this place as a percentage of kills by you in the entire game.
 C = Kills by friends in this place as a percentage of kills by friends in the entire game.
 D = Other kills in this place as a percentage of other kills in the entire game.
 E = Experience gained in this place as a percentage of experience gained in the entire game.
 F = Experience gained in this place divided by the number of levels of this place that you have seen.
                   A       B       C       D       E      F
               +-------+-------+-------+-------+-------+----------------------
         Total | 100.0 | 100.0 | 100.0 | 100.0 | 100.0 | 702.7
       Dungeon |  73.6 |  75.5 |   0.0 |  50.0 |  55.3 | 529.7
  Orcish Mines |  26.4 |  24.5 | 100.0 |  50.0 |  44.7 | 1178.5
               +-------+-------+-------+-------+-------+----------------------

Vanquished Creatures
  A stone giant (Orc:3)
  Urug (Orc:2)
  The ghost of 4thArraOfDagon the Cleaver, a novice DDBe of Trog (D:10)
  Grinder (D:3)
  A two-headed ogre (D:9)
  2 wraiths (Orc:3)
  2 yaks (D:9)
  Menkaure (D:6)
  A warg (Orc:1)
  A water moccasin (D:9)
  Duvessa (D:5)
  5 ice beasts
  A centaur (D:7)
  9 orc warriors
  2 sky beasts
  An ogre (D:10)
  A big kobold (D:11)
  5 giant frogs
  Dowan (D:5)
  2 earth elementals (D:11)
  2 scorpions
  3 killer bees (D:8)
  A giant frog skeleton (D:7)
  6 orc priests
  18 orc wizards
  3 giant frog zombies
  3 hounds
  3 worker ants
  A hound skeleton (D:5)
  8 adders
  2 gnolls (D:4)
  A worker ant zombie (D:7)
  A worm (D:4)
  6 giant geckos
  51 orcs
  2 ball pythons (D:3)
  3 bats
  3 giant cockroaches
  10 goblins
  4 hobgoblins
  11 jackals
  3 quokkas
  A giant gecko skeleton (D:5)
  A giant gecko zombie (D:8)
  2 giant newts
  12 kobolds
  8 rats
209 creatures vanquished.

Vanquished Creatures (collateral kills)
  Josephine (Orc:3)
  3 wraiths (Orc:3)
4 creatures vanquished.

Vanquished Creatures (others)
  The ghost of Duffy the Covert, a novice FoEn of Cheibriados (D:9)
  A hill giant (D:10)
  A yak (D:9)
  A necrophage (D:10)
  2 ogres
  A big kobold (D:10)
  6 killer bees (D:7)
  29 jellies
  A centaur zombie (D:9)
  An orc priest (D:7)
  8 orc wizards
  An iguana (D:4)
  A worker ant (D:10)
  A worker ant zombie (D:9)
  A gnoll (D:4)
  3 adders
  2 oozes
  27 orcs
  A hobgoblin (D:3)
  3 jackals
  5 kobolds
  A bat (D:3)
  A giant newt (D:2)
  A quokka (D:7)
  A rat (D:3)
101 creatures vanquished.

Grand Total: 314 creatures vanquished
